TOP OF THE 1ST |
Minnesota Loons batting - Pitching for Bethesda Atoms : RHP Jelmar Wolff
|
Pitching: RHP Jelmar Wolff
|
|
Batting: LHB Shane Burge
|
0-0: Ball 1-0: Foul Ball, location: 2F 1-1: Swinging Strike 1-2: Ball 2-2: Ball 3-2: Foul Ball, location: 2F 3-2: Base on Balls
|
Batting: RHB Rob Ott
|
0-0: Ground out 5-3 (Groundball, 56S, EV 61.9 MPH) Shane Burge to second
|
Batting: LHB Thomas Inge
|
0-0: Foul Ball, location: 2F 0-1: Ball 1-1: Ball 2-1: Fly out, F7 (Flyball, 7D, EV 92.5 MPH) Runner from 2nd tags up, SAFE at 3rd, no throw by LF
|
Batting: RHB Zi-xing Juan
|
0-0: Ball 1-0: Ball 2-0: Called Strike 2-1: Fly out, F8 (Flyball, 8RM, EV 90.6 MPH)
|
Top of the 1st over - 0 runs, 0 hits, 0 errors, 1 left on base; Minnesota 0 - Bethesda 0 |
BOTTOM OF THE 1ST |
Bethesda Atoms batting - Pitching for Minnesota Loons : LHP Conner Hopkins
|
Pitching: LHP Conner Hopkins
|
|
Batting: SHB John Miller
|
0-0: Ball 1-0: Ball 2-0: Ground out 6-3 (Groundball, 56, EV 87.5 MPH)
|
Batting: RHB David Nielsen
|
0-0: Called Strike 0-1: Foul Ball, location: 2F 0-2: Ball 1-2: Ground out 4-3 (Groundball, 4, EV 91.9 MPH)
|
Batting: LHB Tae-seon P'yon
|
0-0: Ball 1-0: Ball 2-0: Called Strike 2-1: Ball 3-1: Base on Balls
|
Batting: LHB Tucker Horne
|
0-0: Called Strike 0-1: Ball 1-1: Foul Ball, location: 2F 1-2: Foul Ball, location: 2F 1-2: Foul Ball, location: 2F 1-2: Ball 2-2: Ball 3-2: Foul Ball, location: 2F 3-2: Fly out, F8 (Flyball, 8LD, EV 89.4 MPH)
|
Bottom of the 1st over - 0 runs, 0 hits, 0 errors, 1 left on base; Minnesota 0 - Bethesda 0 |
TOP OF THE 2ND |
Minnesota Loons batting - Pitching for Bethesda Atoms : RHP Jelmar Wolff
|
Batting: LHB Antoine Mercier
|
0-0: Called Strike 0-1: Ball 1-1: DOUBLE (Line Drive, 7LS, EV 93.1 MPH)
|
Batting: RHB Liang Choi
|
0-0: Called Strike 0-1: Called Strike 0-2: Ball 1-2: Ground out 6-3 (Groundball, 6MS, EV 86.9 MPH) Antoine Mercier to third
|
Batting: LHB Ju-ho Hwang
|
0-0: Foul Ball, location: 2F 0-1: Ball 1-1: Called Strike 1-2: Fly out, F9 (Flyball, 89D, EV 101.2 MPH) Runner from 3rd tags up, SCORES, throw by RF
|
Batting: RHB César Núñez
|
0-0: Ball 1-0: Ball 2-0: Ball 3-0: Base on Balls
|
Batting: RHB Jorge Gavilanes
|
0-0: Ball 1-0: Called Strike 1-1: Foul Ball, location: 2F 1-2: Fielders Choice at 2nd, 6-4 (Groundball, 6, EV 85.0 MPH)
|
Top of the 2nd over - 1 run, 1 hit, 0 errors, 1 left on base; Minnesota 1 - Bethesda 0 |
BOTTOM OF THE 2ND |
Bethesda Atoms batting - Pitching for Minnesota Loons : LHP Conner Hopkins
|
Batting: RHB James Bradley
|
0-0: Ball 1-0: Ball 2-0: Ball 3-0: Called Strike 3-1: Called Strike 3-2: Foul Ball, location: 2F 3-2: Strikes out looking
|
Batting: RHB Alfredo Ruíz
|
0-0: Ball 1-0: Ground out 4-3 (Groundball, 4M, EV 89.4 MPH)
|
Batting: LHB Adrián García
|
0-0: Ball 1-0: Fly out, F4 (Popup, 3D, EV 71.9 MPH)
|
Bottom of the 2nd over - 0 runs, 0 hits, 0 errors, 0 left on base; Minnesota 1 - Bethesda 0 |
TOP OF THE 3RD |
Minnesota Loons batting - Pitching for Bethesda Atoms : RHP Jelmar Wolff
|
Batting: LHB Shane Burge
|
0-0: Ball 1-0: Ball 2-0: Ball 3-0: Called Strike 3-1: Ground out 4-3 (Groundball, 4S, EV 88.8 MPH)
|
Batting: RHB Rob Ott
|
0-0: Ball 1-0: Called Strike 1-1: Ground out 4-3 (Groundball, 4, EV 85.0 MPH)
|
Batting: LHB Thomas Inge
|
0-0: SINGLE (Line Drive, 7S, EV 110.0 MPH)
|
Batting: RHB Zi-xing Juan
|
0-0: Ball 1-0: Swinging Strike 1-1: Ball 2-1: Foul Ball, location: 2F 2-2: Foul Ball, location: 2F 2-2: Ball 3-2: Foul Ball, location: 2F 3-2: Foul Ball, location: 2F 3-2: Foul Ball, location: 2F 3-2: Ground out 6-3 (Groundball, 6, EV 101.2 MPH)
|
Top of the 3rd over - 0 runs, 1 hit, 0 errors, 1 left on base; Minnesota 1 - Bethesda 0 |
BOTTOM OF THE 3RD |
Bethesda Atoms batting - Pitching for Minnesota Loons : LHP Conner Hopkins
|
Batting: RHB Chang-yong Hann
|
0-0: Called Strike 0-1: Ball 1-1: Ground out 6-3 (Groundball, 6S, EV 60.6 MPH)
|
Batting: SHB Russ Miller
|
0-0: Foul Ball, location: 2F 0-1: Foul Ball, location: 2F 0-2: Strikes out swinging
|
Batting: SHB John Miller
|
0-0: Ball 1-0: Foul Ball, location: 2F 1-1: Hit by Pitch
|
Batting: RHB David Nielsen
|
0-0: Called Strike 0-1: Fly out, F6 (Flyball, 56D, EV 83.1 MPH)
|
Bottom of the 3rd over - 0 runs, 0 hits, 0 errors, 1 left on base; Minnesota 1 - Bethesda 0 |
TOP OF THE 4TH |
Minnesota Loons batting - Pitching for Bethesda Atoms : RHP Jelmar Wolff
|
Batting: LHB Antoine Mercier
|
0-0: Ball 1-0: Called Strike 1-1: Foul Ball, location: 2F 1-2: Ball 2-2: Strikes out looking
|
Batting: RHB Liang Choi
|
0-0: Ball 1-0: Ball 2-0: Ball 3-0: Called Strike 3-1: Base on Balls
|
Batting: LHB Ju-ho Hwang
|
0-0: Ball 1-0: SINGLE (Line Drive, 89S, EV 98.8 MPH) Liang Choi to second
|
Batting: RHB César Núñez
|
0-0: Called Strike 0-1: Foul Ball, location: 2F 0-2: Foul Ball, location: 2F 0-2: Foul Ball, location: 2F 0-2: Ball 1-2: Ball 2-2: Reached on error, E5 (Groundball, 56, EV 115.0 MPH) Liang Choi to third Ju-ho Hwang to second
|
Batting: RHB Jorge Gavilanes
|
0-0: Swinging Strike 0-1: Ball 1-1: Ground out 5-3 (Groundball, 56S, EV 73.8 MPH) Liang Choi scores Ju-ho Hwang to third César Núñez to second
|
Batting: LHB Shane Burge
|
0-0: Foul Ball, location: 2F 0-1: Ball 1-1: Called Strike 1-2: Foul Ball, location: 2F 1-2: Ball 2-2: Foul Ball, location: 2F 2-2: Strikes out looking
|
Top of the 4th over - 1 run, 1 hit, 1 error, 2 left on base; Minnesota 2 - Bethesda 0 |
BOTTOM OF THE 4TH |
Bethesda Atoms batting - Pitching for Minnesota Loons : LHP Conner Hopkins
|
Batting: LHB Tae-seon P'yon
|
0-0: Ball 1-0: Foul Ball, location: 2F 1-1: Foul Ball, location: 2F 1-2: Fly out, F7 (Flyball, 78S, EV 97.5 MPH)
|
Batting: LHB Tucker Horne
|
0-0: Ball 1-0: Ball 2-0: Ball 3-0: Base on Balls
|
Batting: RHB James Bradley
|
0-0: Called Strike 0-1: Ball 1-1: Foul Ball, location: 2F 1-2: Ball 2-2: Strikes out swinging
|
Batting: RHB Alfredo Ruíz
|
0-0: Ball 1-0: SINGLE (Groundball, 6MD, EV 97.5 MPH) Tucker Horne to second Runner from 2nd tries for 3rd, SAFE, throw by CF made to third
|
Batting: LHB Adrián García
|
0-0: Ball 1-0: Ball 2-0: Called Strike 2-1: Fly out, F8 (Flyball, 8RXD, EV 93.8 MPH)
|
Bottom of the 4th over - 0 runs, 1 hit, 0 errors, 2 left on base; Minnesota 2 - Bethesda 0 |
TOP OF THE 5TH |
Minnesota Loons batting - Pitching for Bethesda Atoms : RHP Jelmar Wolff
|
Batting: RHB Rob Ott
|
0-0: Ball 1-0: Fly out, F7 (Flyball, 78D, EV 91.9 MPH)
|
Pitching: LHP Bill Cole
|
|
Batting: LHB Thomas Inge
|
0-0: Ball 1-0: SINGLE (Groundball, 3D, EV 95.0 MPH)
|
Batting: RHB Zi-xing Juan
|
0-0: Ball 1-0: SINGLE (Line Drive, 4MD, EV 106.2 MPH) Thomas Inge to second
|
Batting: LHB Antoine Mercier
|
0-0: Ball 1-0: Ball 2-0: Ball 3-0: Called Strike 3-1: Base on Balls Thomas Inge to third Zi-xing Juan to second
|
Batting: RHB Liang Choi
|
0-0: Foul Ball, location: 2F 0-1: Ball 1-1: Hit by Pitch Thomas Inge scores Zi-xing Juan to third Antoine Mercier to second
|
Batting: LHB Ju-ho Hwang
|
0-0: Ball 1-0: Swinging Strike 1-1: Ball 2-1: Foul Ball, location: 2F 2-2: Ball 3-2: Foul Ball, location: 2F 3-2: Base on Balls Zi-xing Juan scores Antoine Mercier to third Liang Choi to second
|
Batting: RHB César Núñez
|
0-0: Fly out, F4 (Popup, 3S, EV 91.9 MPH)
|
Batting: RHB Jorge Gavilanes
|
0-0: Swinging Strike 0-1: Foul Ball, location: 2F 0-2: Fly out, F4 (Popup, 34, EV 63.1 MPH)
|
Top of the 5th over - 2 runs, 2 hits, 0 errors, 3 left on base; Minnesota 4 - Bethesda 0 |
BOTTOM OF THE 5TH |
Bethesda Atoms batting - Pitching for Minnesota Loons : LHP Conner Hopkins
|
Batting: RHB Chang-yong Hann
|
0-0: Fly out, F8 (Flyball, 8LD, EV 105.0 MPH)
|
Batting: SHB Russ Miller
|
0-0: Called Strike 0-1: Swinging Strike 0-2: Fly out, F8 (Flyball, 8LM, EV 85.6 MPH)
|
Batting: SHB John Miller
|
0-0: Called Strike 0-1: Ball 1-1: Called Strike 1-2: Ball 2-2: Strikes out looking
|
Bottom of the 5th over - 0 runs, 0 hits, 0 errors, 0 left on base; Minnesota 4 - Bethesda 0 |
TOP OF THE 6TH |
Minnesota Loons batting - Pitching for Bethesda Atoms : LHP Bill Cole
|
Batting: LHB Shane Burge
|
0-0: Ball 1-0: Ball 2-0: Ball 3-0: Called Strike 3-1: Swinging Strike 3-2: Strikes out swinging
|
Pitching: RHP Kyle Young
|
|
Batting: RHB Rob Ott
|
0-0: Ball 1-0: Ground out 6-3 (Groundball, 6, EV 83.8 MPH)
|
Batting: LHB Thomas Inge
|
0-0: Ball 1-0: Swinging Strike 1-1: Ball 2-1: DOUBLE (Line Drive, 78XD, EV 105.6 MPH)
|
Batting: RHB Zi-xing Juan
|
0-0: Ball 1-0: Foul Ball, location: 2F 1-1: Swinging Strike 1-2: Ball 2-2: Ball Wild Pitch! Thomas Inge to third 3-2: Fly out, F9 (Line Drive, 9, EV 107.5 MPH)
|
Top of the 6th over - 0 runs, 1 hit, 0 errors, 1 left on base; Minnesota 4 - Bethesda 0 |
BOTTOM OF THE 6TH |
Bethesda Atoms batting - Pitching for Minnesota Loons : LHP Conner Hopkins
|
Batting: RHB David Nielsen
|
0-0: Fly out, F9 (Line Drive, 9, EV 105.0 MPH)
|
Batting: LHB Tae-seon P'yon
|
0-0: Ball 1-0: Called Strike 1-1: Foul Ball, location: 2F 1-2: Strikes out swinging
|
Batting: LHB Tucker Horne
|
0-0: Ball 1-0: Foul Ball, location: 2F 1-1: Fly out, F8 (Line Drive, 8LS, EV 106.2 MPH)
|
Bottom of the 6th over - 0 runs, 0 hits, 0 errors, 0 left on base; Minnesota 4 - Bethesda 0 |
TOP OF THE 7TH |
Minnesota Loons batting - Pitching for Bethesda Atoms : RHP Kyle Young
|
Batting: LHB Antoine Mercier
|
0-0: Ball 1-0: Called Strike 1-1: Called Strike 1-2: SINGLE (Groundball, 4D, EV 103.1 MPH)
|
Batting: RHB Liang Choi
|
0-0: Bunted foul 0-1: Bunted foul 0-2: 2-RUN HOME RUN (Flyball, 9LD, EV 94.4 MPH), Distance : 347 ft
|
Batting: LHB Ju-ho Hwang
|
0-0: Ball 1-0: Ball 2-0: Fly out, F4 (Line Drive, 4, EV 73.8 MPH)
|
Batting: RHB César Núñez
|
0-0: Ball 1-0: Foul Ball, location: 2F 1-1: Fly out, F8 (Flyball, 89D, EV 88.1 MPH)
|
Batting: RHB Jorge Gavilanes
|
0-0: Ball 1-0: Reached via error on a dropped throw from SS, E3 (Groundball, 56, EV 100.6 MPH)
|
Pitching: RHP Tim Daniel
|
|
Batting: LHB Shane Burge
|
0-0: Ball 1-0: Called Strike 1-1: Ball 2-1: Foul Ball, location: 2F 2-2: Ball 3-2: Strikes out swinging
|
Top of the 7th over - 2 runs, 2 hits, 1 error, 1 left on base; Minnesota 6 - Bethesda 0 |
BOTTOM OF THE 7TH |
Bethesda Atoms batting - Pitching for Minnesota Loons : LHP Conner Hopkins
|
Batting: RHB James Bradley
|
0-0: Ball 1-0: Ball 2-0: Foul Ball, location: 2F 2-1: Ground out 5-3 (Groundball, 5, EV 92.5 MPH)
|
Batting: RHB Alfredo Ruíz
|
0-0: Called Strike 0-1: Foul Ball, location: 2F 0-2: Ball 1-2: Ground out 5-3 (Groundball, 5, EV 82.5 MPH)
|
Batting: LHB Adrián García
|
0-0: SINGLE (Flyball, 6D, EV 96.9 MPH)
|
Batting: RHB Chang-yong Hann
|
0-0: Ball Wild Pitch! Adrián García to second 1-0: Ball 2-0: Called Strike 2-1: Swinging Strike 2-2: Ball 3-2: Strikes out swinging
|
Bottom of the 7th over - 0 runs, 1 hit, 0 errors, 1 left on base; Minnesota 6 - Bethesda 0 |
TOP OF THE 8TH |
Minnesota Loons batting - Pitching for Bethesda Atoms : RHP Tim Daniel
|
Pitching: LHP Juan Cervantes
|
|
Batting: RHB Rob Ott
|
0-0: SINGLE (Line Drive, 56D, EV 100.0 MPH)
|
Batting: LHB Thomas Inge
|
0-0: Foul Ball, location: 2F 0-1: Called Strike 0-2: Ball 1-2: Ball 2-2: Ball 3-2: DOUBLE (Line Drive, 9LM, EV 93.8 MPH) Rob Ott to third Rob Ott scores
|
Batting: RHB Zi-xing Juan
|
0-0: Ball 1-0: Called Strike 1-1: Ball 2-1: Foul Ball, location: 2F 2-2: Strikes out swinging
|
Pinch Hitting: RHB George Jones
|
0-0: Called Strike 0-1: Ball 1-1: Foul Ball, location: 2F 1-2: Strikes out looking
|
Batting: RHB Liang Choi
|
0-0: Ball 1-0: Ball 2-0: Foul Ball, location: 2F 2-1: Ground out 6-3 (Groundball, 6, EV 95.6 MPH)
|
Top of the 8th over - 1 run, 2 hits, 0 errors, 1 left on base; Minnesota 7 - Bethesda 0 |
BOTTOM OF THE 8TH |
Bethesda Atoms batting - Pitching for Minnesota Loons : LHP Conner Hopkins
|
Now at 3B: Jorge Gavilanes
|
|
Now at SS: Pedro Gaetan
|
|
Batting: SHB Russ Miller
|
0-0: Ball 1-0: SINGLE (Groundball, 5L, EV 99.4 MPH)
|
Batting: SHB John Miller
|
0-0: Called Strike 0-1: Foul Ball, location: 2F 0-2: Ball 1-2: Ball 2-2: Ball 3-2: Strikes out looking
|
Pitching: RHP Ben Johnson
|
|
Batting: RHB David Nielsen
|
0-0: Ball 1-0: Fielders Choice at 2nd, 1-4 (Groundball, 15, EV 61.2 MPH)
|
Batting: LHB Tae-seon P'yon
|
0-0: Fly out, F7 (Flyball, 78M, EV 86.9 MPH)
|
Bottom of the 8th over - 0 runs, 1 hit, 0 errors, 1 left on base; Minnesota 7 - Bethesda 0 |
TOP OF THE 9TH |
Minnesota Loons batting - Pitching for Bethesda Atoms : LHP Juan Cervantes
|
Batting: LHB Ju-ho Hwang
|
0-0: Called Strike 0-1: Ball 1-1: SINGLE (Line Drive, 5D, EV 99.4 MPH)
|
Pinch Hitting: RHB Nobuhisa Kiyomizu
|
0-0: Foul Ball, location: 2F 0-1: Called Strike 0-2: Grounds into double play, 4-6-3 (Groundball, 4MS, EV 85.0 MPH)
|
Batting: RHB Jorge Gavilanes
|
0-0: Called Strike 0-1: Ball 1-1: Foul Ball, location: 2F 1-2: Ground out 6-3 (Groundball, 6, EV 78.8 MPH)
|
Top of the 9th over - 0 runs, 1 hit, 0 errors, 0 left on base; Minnesota 7 - Bethesda 0 |
BOTTOM OF THE 9TH |
Bethesda Atoms batting - Pitching for Minnesota Loons : RHP Ben Johnson
|
Now at C: Nobuhisa Kiyomizu
|
|
Batting: LHB Tucker Horne
|
0-0: Ball 1-0: Called Strike 1-1: Ball 2-1: Swinging Strike 2-2: Strikes out looking
|
Batting: RHB James Bradley
|
0-0: Called Strike 0-1: Called Strike 0-2: Ball 1-2: Ball 2-2: Ball 3-2: Foul Ball, location: 2F 3-2: Fly out, F8 (Flyball, 8LM, EV 78.1 MPH)
|
Batting: RHB Alfredo Ruíz
|
0-0: Called Strike 0-1: Ball 1-1: Ball 2-1: Swinging Strike 2-2: Ball 3-2: Strikes out swinging
|
Bottom of the 9th over - 0 runs, 0 hits, 0 errors, 0 left on base; Minnesota 7 - Bethesda 0 |
|